Map: [ESL] Royal Blood

Players

LiquidElazer (Elazer) - Winner!

  • Race: Zerg Zerg
  • League: Master
  • Spawn Location: 7:00

Clem

  • Race: Terran Terran
  • League: Grandmaster
  • Spawn Location: 1:00

Event: HomeStory Cup XXIII

VOD

Have the link to the VOD?

Description

Time

  • Played on: July 1, 2023, 6:45 a.m.
  • Length: 10:27

All games in this series

Show
View Real Time Build Order
Export as new Build Order

LiquidElazer Zerg - Winner!

Build Orders: Hatch First 

Get SALT Encoding   

  12  0:00  Drone  
  13  0:12  Overlord  
  13  0:16  Drone  
  14  0:30  Drone x2  
  16  0:46  Hatchery  
  15  0:50  Drone  
  15  0:54  Drone  
  15  0:56  Drone  
  18  1:07  Extractor  
  17  1:12  Spawning Pool  
  17  1:15  Drone  
  17  1:18  Drone  
  18  1:27  Drone  
  19  1:39  Drone  
  20  1:49  Drone  
  21  1:58  Queen x2  
  21  2:00  Zergling x4  
  27  2:09  Drone  
  27  2:11  Overlord  
  27  2:15  Metabolic Boost  
  28  2:28  Hatchery  
  27  2:32  Drone  
  27  2:33  Drone  
  31  2:37  Drone x2  
  31  2:44  Queen  
  31  2:50  Overlord  
  33  2:53  Drone  
  34  2:59  Drone x2  
  36  3:06  Overlord  
  36  3:09  Drone x4  
  40  3:15  Drone  
  40  3:17  Drone  
  42  3:22  Queen  
  44  3:27  Drone  
  44  3:30  Extractor, Drone, Roach Warren  
  44  3:36  Drone  
  44  3:38  Drone x3  
  44  3:39  Drone  
  49  3:44  Queen  
  51  3:48  Overlord  
  51  3:50  Overlord  
  51  3:53  Drone x2  
  51  3:54  Zergling x2  
  54  4:01  Overlord  
  54  4:11  Roach x4  
  54  4:15  Roach x3  
  68  4:25  Roach  
  68  4:30  Zergling x16  
  75  4:37  Zergling x2  
  75  4:38  Zergling x2  
  77  4:43  Ravager  
  78  4:46  Extractor  
  78  4:49  Drone  
  78  4:57  Overlord  
  78  4:58  Drone x4  
  82  5:06  Overlord  
  82  5:13  Ravager  
  82  5:15  Queen  
  82  5:20  Drone x5  
  82  5:23  Ravager  
  75  5:29  Drone x5  
  75  5:30  Drone  
  72  5:44  Zergling x14  
  72  5:48  Lair  
  79  5:50  Extractor  
  79  5:57  Roach x5  
  82  6:03  Evolution Chamber  
  82  6:04  Drone x3, Evolution Chamber  
  84  6:05  Zergling x6  
  84  6:09  Hatchery  
  85  6:11  Zergling x6  
  88  6:20  Ravager x4  
  88  6:21  Zergling x10  
  97  6:28  Overlord  
  97  6:29  Overlord  
  97  6:35  Overlord x2, Hatchery  
  97  6:37  Zerg Ground Armor Level 1  
  90  6:47  Overlord  
  90  6:48  Drone  
  90  6:49  Drone x8  
  90  6:52  Zerg Melee Weapons Level 1  
  98  6:54  Ravager  
  98  6:55  Baneling Nest  
  98  6:58  Drone  
  98  7:00  Drone x3  
  102  7:01  Roach  
  102  7:02  Roach x3  
  110  7:08  Overlord  
  110  7:10  Overlord x2  
  110  7:16  Roach x4  
  118  7:30  Zergling x2  
  118  7:31  Zergling x18  
  118  7:34  Ravager x3  
  131  7:44  Ravager  
  131  7:45  Ravager  
  131  7:46  Zergling x2  
  131  7:47  Zergling x16  
  142  7:51  Extractor  
  142  7:52  Overlord  
  142  7:56  Hatchery  
  137  8:00  Zergling x14, Centrifugal Hooks  
  144  8:08  Drone x6  
  144  8:11  Overlord x2, Drone x2  
  152  8:20  Overseer  
  152  8:23  Zergling x14  
  157  8:28  Baneling x6  
  157  8:37  Zergling x28  
  168  8:44  Overlord  
  168  8:45  Drone x3  
  168  8:46  Extractor  
  165  8:56  Drone x5  
  165  9:02  Drone x6  
  162  9:05  Zergling x16  
  167  9:10  Baneling x2  
  167  9:11  Baneling  
  167  9:12  Baneling x10  
  167  9:13  Baneling  
  167  9:15  Zergling x12, Baneling  
  173  9:20  Zergling x12  
  173  9:22  Overlord  
  173  9:23  Zergling x4  
  173  9:24  Zergling x2  
  173  9:29  Zergling x6  
  173  9:30  Zergling x6  
  159  9:41  Ravager x3  
  159  9:42  Baneling x8  
  159  9:43  Baneling  
  159  9:44  Zergling x24  
  171  9:47  Zergling x8  
  175  9:54  Zergling x14  
  175  9:59  Zergling x12  
  167  10:08  Zergling x22  
Show
View Real Time Build Order
Export as new Build Order

Clem Terran 

Build Orders: Reaper Expand 

Get SALT Encoding   

  12  0:00  SCV  
  13  0:12  SCV  
  14  0:17  Supply Depot  
  14  0:24  SCV  
  15  0:39  Barracks, SCV  
  15  0:42  Refinery  
  16  0:51  SCV  
  17  1:03  SCV  
  18  1:15  SCV  
  19  1:26  Reaper  
  19  1:27  Orbital Command  
  20  1:39  Command Center  
  20  1:47  Supply Depot  
  20  1:52  SCV  
  21  1:57  Marine  
  22  2:04  SCV  
  23  2:09  Factory  
  23  2:17  SCV  
  23  2:19  Barracks Reactor  
  24  2:29  SCV  
  25  2:39  Command Center  
  25  2:41  SCV  
  26  2:50  Orbital Command  
  26  2:53  SCV  
  27  3:01  Starport  
  29  3:05  Hellion  
  29  3:09  Hellion  
  29  3:11  SCV  
  32  3:16  Refinery  
  32  3:17  SCV  
  32  3:18  Barracks Tech Lab  
  33  3:23  SCV  
  34  3:28  Hellion  
  34  3:29  SCV  
  34  3:33  Hellion  
  39  3:40  SCV  
  40  3:41  Medivac  
  40  3:44  SCV  
  43  3:51  Orbital Command  
  43  3:52  SCV  
  43  3:53  Barracks  
  44  3:59  SCV  
  44  4:02  Marine x2  
  47  4:05  Cyclone  
  47  4:07  SCV  
  51  4:11  SCV  
  51  4:12  Supply Depot  
  52  4:17  SCV  
  52  4:19  SCV  
  52  4:21  Marine x2  
  52  4:23  SCV  
  56  4:29  SCV  
  57  4:31  SCV  
  57  4:35  SCV  
  57  4:38  Marine x2  
  57  4:39  Supply Depot  
  57  4:42  SCV  
  57  4:43  SCV  
  61  4:46  Refinery  
  61  4:47  Refinery, Engineering Bay x2  
  61  4:49  Stimpack, Marine  
  61  4:50  Factory Tech Lab  
  63  4:52  SCV  
  63  4:53  Orbital Command  
  63  4:54  Barracks  
  63  4:57  SCV  
  64  5:00  Marine x2  
  66  5:07  Supply Depot  
  66  5:08  Siege Tank, Marine  
  66  5:10  SCV x2  
  72  5:18  Marine x2  
  65  5:21  SCV  
  65  5:22  SCV  
  65  5:23  SCV  
  65  5:26  Marine  
  65  5:33  SCV  
  65  5:35  SCV  
  61  5:36  SCV, Marine x2  
  61  5:40  Starport Reactor  
  61  5:42  Supply Depot  
  65  5:44  Marine  
  65  5:45  Barracks Reactor  
  65  5:46  Siege Tank, SCV  
  65  5:47  SCV  
  64  5:54  SCV, Marine x2  
  64  5:58  SCV  
  64  6:00  SCV  
  64  6:02  Marine  
  67  6:06  Supply Depot  
  67  6:08  SCV  
  67  6:09  Barracks  
  67  6:10  SCV  
  67  6:11  Barracks  
  69  6:12  SCV  
  69  6:13  Supply Depot  
  69  6:15  Marine x2  
  69  6:18  Siege Tank  
  75  6:20  Marine  
  75  6:21  SCV  
  75  6:22  Supply Depot  
  77  6:26  Marine x2  
  77  6:28  Terran Infantry Armor Level 1  
  77  6:30  Terran Infantry Weapons Level 1  
  77  6:31  SCV x2  
  81  6:33  SCV, Marine x2  
  81  6:38  Medivac, Marine  
  87  6:43  SCV  
  87  6:45  Marine x2  
  86  6:50  SCV x2, Marine  
  86  6:51  Marine  
  86  6:53  Supply Depot, Medivac  
  91  6:54  Supply Depot  
  91  6:55  SCV  
  91  6:56  Marine  
  91  6:57  Siege Tank  
  96  7:02  Barracks Reactor, SCV x2  
  96  7:03  Marine x2  
  101  7:08  Marine x2  
  101  7:09  Barracks Reactor, SCV  
  101  7:14  SCV x2  
  101  7:15  Combat Shield  
  105  7:16  Supply Depot, Marine  
  105  7:21  Refinery, Marine x2  
  107  7:25  SCV  
  107  7:26  Marine  
  107  7:27  Marine  
  107  7:28  Supply Depot  
  107  7:29  SCV  
  111  7:30  Supply Depot  
  111  7:31  SCV  
  111  7:34  Marine  
  111  7:35  Siege Tank  
  116  7:37  Factory  
  116  7:38  SCV, Marine  
  116  7:41  SCV  
  116  7:43  SCV  
  120  7:47  Marine x2  
  120  7:48  Armory, Marine  
  120  7:49  Marine  
  124  7:51  Marine x2  
  124  7:52  Marine  
  126  8:00  Supply Depot  
  126  8:01  Supply Depot  
  126  8:02  Command Center  
  126  8:05  Marine x2  
  123  8:07  Marine x3  
  123  8:10  Siege Tank  
  123  8:12  Medivac  
  133  8:13  Medivac  
  133  8:14  Marine  
  133  8:18  Marine  
  133  8:19  Supply Depot, Marine  
  137  8:22  Factory Tech Lab  
  137  8:25  Marine  
  137  8:26  Marine x5  
  142  8:32  Marine  
  142  8:33  Sensor Tower  
  141  8:35  SCV  
  141  8:38  SCV, Marine  
  141  8:39  SCV  
  144  8:41  Siege Tank, Marine  
  144  8:43  Marine  
  144  8:44  Marine x2  
  151  8:50  Marine  
  151  8:52  Marine x3  
  155  8:56  Marine  
  155  8:59  Marine  
  155  9:01  Marine  
  155  9:02  Marine x2  
  143  9:07  Siege Tank  
  143  9:08  Marine  
  143  9:09  SCV  
  146  9:10  SCV, Marine x2  
  146  9:12  Marine  
  146  9:13  SCV  
  146  9:16  Siege Tank  
  154  9:20  Marine  
  154  9:22  Marine x4  
  158  9:25  Marine  
  158  9:29  SCV  
  160  9:35  Medivac  
  160  9:36  Marine  
  160  9:38  Sensor Tower, Marine  
  128  9:40  SCV x2  
  128  9:41  SCV  
  125  9:48  Siege Tank  
  125  9:51  Marine  
  125  9:52  SCV x2  
  131  9:53  SCV, Marine  
  131  9:54  Marine  
  131  9:55  Marine  
  132  10:04  SCV x2  
  132  10:07  Marine x2  
  129  10:09  Marine  
Tags
 
Add a new tag
Caveats
  • Supply blocks, unpowered buildings, or Contaminate may cause inaccurate times.
  • Supply counts are checked every 10 seconds.